 Dungeon Crawl Stone Soup version 0.31.0-11-ge490571c62 (webtiles) character file.

Game seed: 14229290991387578767

44 qw the Shooter (level 3, -3/20 HPs)
             Began as a Deep Elf Hunter on Feb 5, 2024.
             Killed from afar by a dart slug (5 damage)
             ... with a slug dart
             ... on level 2 of the Dungeon.
             The game lasted 00:00:23 (1301 turns).

qw the Shooter (Deep Elf Hunter)                    Turns: 1301, Time: 00:00:23

Health: -3/20      AC:  2    Str: 10    XL:     3   Next: 39%
Magic:  5/5        EV: 13    Int: 13    God:
Gold:   65         SH:  0    Dex: 18    Spells: 2/2 levels left

rFire   . . .        a - +0 shortbow
rCold   . . .        (shield currently unavailable)
rNeg    . . .        g - +0 robe {Will+}
rPois   .            (no helmet)
rElec   .            (no cloak)
rCorr   .            (no gloves)
SInv    .            (no boots)
Will    +....        (no amulet)
Stlth   ++           (no ring)
HPRegen 0.23/turn    (no ring)
MPRegen 0.09/turn

%: no passive effects
@: no status effects
A: no striking features
a: no special abilities


You were on level 2 of the Dungeon.
You visited 1 branch of the dungeon, and saw 2 of its levels.

You collected 65 gold pieces.


   Skills:
 - Level 1.5 Fighting
 + Level 7.0 Ranged Weapons
 - Level 2.4 Dodging
 - Level 1.2 Stealth


You had 2 spell levels left.
You didn't know any spells.
Your spell library was empty.

Inventory:

Hand Weapons
 a - a +0 shortbow (weapon)
Armour
 b - a +0 pair of boots
 c - a +0 leather armour
 g - a +0 robe of willpower (worn)
Scrolls
 f - a scroll of identify
 h - a scroll of brand weapon {unknown}
 i - a scroll of teleportation {unknown}
Potions
 d - a potion of haste
 e - a potion of magic {unknown}

Dungeon Overview and Level Annotations

Branches:
Dungeon (2/15)

Altars:


Message History

The arrow hits the jackal but does no damage.
The jackal barely misses you. The jackal completely misses you.
The jackal barely misses you.
You shoot an arrow. The arrow hits the jackal!
You kill the jackal!
The jackal bites you.
The jackal bites you but does no damage.
Your Ranged Weapons skill increases to level 7!
You shoot an arrow. The arrow completely misses the jackal.
The jackal barely misses you. The jackal bites you. The jackal misses you.
The jackal completely misses you. The dart slug launches a dart at you.
The slug dart misses you.
You shoot an arrow. The arrow closely misses the jackal.
The jackal barely misses you. The jackal bites you.
You shoot an arrow. The arrow hits the jackal.
The jackal is heavily wounded.
The jackal bites you.
The jackal barely misses you. x2; The jackal bites you.
You shoot an arrow. The arrow closely misses the jackal.
The jackal barely misses you.
The jackal bites you but does no damage.
The dart slug briefly extends its eye-stalks.
You shoot an arrow. The arrow barely misses the jackal.
The jackal bites you. The jackal closely misses you.
You shoot an arrow. The arrow hits the jackal.
The jackal is almost dead.
The jackal barely misses you. The jackal closely misses you.
The jackal misses you. The jackal bites you.
You shoot an arrow.
The arrow hits the jackal but does no damage.
The jackal is almost dead.
The jackal bites you. x2
The dart slug launches a dart at you. The slug dart misses you.
You shoot an arrow. The arrow closely misses the jackal.
The jackal closely misses you. The jackal bites you. x2
The jackal closely misses you. The dart slug launches a dart at you.
The slug dart hits you.
You die...

##........# #.##.#
##########..#####.##.#
........%.).....#.##.#
##########..###.#.##.#
########..# #.#.##.#
..........# #.#.##.#
#########.# #.#.##.#
#.# #.#.##.#
#.###h@.##.#
#.%..hw....#
#####.###### #.# #.#
#.# ..# ..# ...#


You could see a dart slug and 2 jackals.

Vanquished Creatures
  2 adders (D:2)
  2 dart slugs
  2 bats (D:1)
  2 giant cockroaches (D:2)
  2 goblins
  3 hobgoblins
  2 jackals (D:2)
  A kobold (D:1)
  2 frilled lizards (D:2)
  3 rats
21 creatures vanquished.

Notes
Turn   | Place    | Note
-------+----------+-------------------------------------------
     0 | D:1      | qw the Deep Elf Hunter began the quest for the Orb.
     0 | D:1      | Reached XP level 1. HP: 12/12 MP: 3/3
     0 | D:1      | 0 ||| qw: Version: 0.3-a-160-g6735b56
     0 | D:1      | 0 ||| qw: Game counter: 6429
     0 | D:1      | 0 ||| qw: Melee chars always use a shield: true
     0 | D:1      | 0 ||| qw: God list: Okawaru
     0 | D:1      | 0 ||| qw: Allow faded altars: false
     0 | D:1      | 0 ||| qw: Do Orc after clearing Dungeon:15 true
     0 | D:1      | 0 ||| qw: Do second Lair branch before Depths: true
     0 | D:1      | 0 ||| qw: Lair rune preference: random
     0 | D:1      | 0 ||| qw: Goals: Normal
     0 | D:1      | 0 ||| PLANNING D:1-11
   190 | D:1      | Reached XP level 2. HP: 12/16 MP: 4/4
   450 | D:1      | Reached skill level 6 in Ranged Weapons
   508 | D:1      | Found a faded altar of an unknown god.
   935 | D:1      | 935 ||| UPGRADING to +0 robe of willpower.
   945 | D:1      | 945 ||| READING scroll labelled CANIHOLEIST.
   946 | D:1      | 946 ||| READING 2 scrolls labelled LOARGH REUSU.
   946 | D:1      | 946 ||| IDENTIFYING lumpy ruby potion
   947 | D:1      | 947 ||| DROPPING scroll of butterflies.
  1068 | D:2      | 1068 ||| FLEEEEING.
  1069 | D:2      | 1069 ||| FLEEEEING.
  1092 | D:2      | Reached XP level 3. HP: 12/20 MP: 5/5
  1294 | D:2      | Reached skill level 7 in Ranged Weapons
  1300 | D:2      | HP: 5/20 [jackal (1)]
  1301 | D:2      | HP: 2/20 [jackal (2)]
  1301 | D:2      | Killed from afar by a dart slug

Levels and vault maps discovered:
D:1:      dpeg_arrival_signposts, layout_loops_corners,
          ebering_ecumenical_altar_abandoned, minmay_misc_feat_roman
D:2:      layout_loops_ring, basic_altar

Skill      XL: |  1  2  3 |
---------------+----------+-----
Ranged Weapons | 6 7 |  7.0
Fighting       | |  1.5
Dodging        | |  2.4
Stealth        | |  1.2

Action                     || total
---------------------------++-------
   Fire: Shortbow          ||    95
    Use: Scroll            ||     2
 Armour: Leather armour    ||    10
         Robe              ||    25
  Dodge: Dodged            ||    42

Table legend:
 A = Non-vault XP
 B = Vault XP
 C = Vault XP percentage of total XP
 D = Non-vault monster count
 E = Vault monster count
 F = Vault count percentage of total count
                 A         B        C        D         E       F
            +---------+---------+-------+---------+---------+-------
      Total |      63 |       0 |   0.0 |      21 |       0 |   0.0
            +---------+---------+-------+---------+---------+-------
        D:1 |      18 |       0 |   0.0 |       9 |       0 |   0.0
        D:2 |      45 |       0 |   0.0 |      12 |       0 |   0.0
            +---------+---------+-------+---------+---------+-------
